 Dungeon Crawl Stone Soup version 0.29.1-1-gd02db69 (webtiles) character file.

Game seed: 15920199571293670136

547 Timinator the Insei (level 6, -13/50 HPs)
             Began as a Demigod Transmuter on Dec 19, 2022.
             Mangled by a two-headed ogre
             ... wielding a +0 giant club
              (15 damage)
             ... on level 5 of the Dungeon.
             The game lasted 00:14:01 (4185 turns).

Timinator the Insei (Demigod Transmuter)            Turns: 4185, Time: 00:14:01

Health: -13/50     AC:  3    Str: 21    XL:     6   Next: 78%
Magic:  12/13      EV: 13    Int: 15    God:
Gold:   184        SH:  0    Dex: 18    Spells: 7/10 levels left

rFire   . . .      SeeInvis .     - Unarmed
rCold   . . .      Faith    .   (no shield)
rNeg    . . .      Spirit   .   n - +0 leather armour
rPois   .          Reflect  .   (helmet currently unavailable)
rElec   .          Harm     .   (no cloak)
rCorr   +          Rampage  .   (no gloves)
Will    .....                   (boots currently unavailable)
Stlth   +.........              (no amulet)
HPRegen 0.16/turn               h - ring of resist corrosion
MPRegen 0.13/turn               l - +6 ring of strength

@: appendages, hasted, invisible, very quick
A: horns 2, talons 2, high MP 1, forlorn, divine attributes
a: End Transformation


You were on level 5 of the Dungeon.
You had temporarily grown beastly horns and talons.
You visited 1 branch of the dungeon, and saw 5 of its levels.

You collected 184 gold pieces.

Inventory:

Armour
 a - a +0 ring mail
 n - a +0 leather armour (worn)
 x - the +1 robe of Exceptional Leaves {rElec rC++ MP+9 Int-2}
   (You found it on level 6 of the Dungeon)

   Int:       It affects your intelligence (-2).
   rC:        It greatly protects you from cold.
   rElec:     It insulates you from electricity.
   MP:        It affects your magic capacity (+9).
Jewellery
 h - a ring of resist corrosion (left hand)
 l - a +6 ring of strength (right hand)
 u - a +4 ring of evasion
Wands
 t - a wand of paralysis (7)
Scrolls
 c - a scroll of noise {unknown}
 d - a scroll of teleportation {unknown}
 e - a scroll of poison {unknown}
 k - 2 scrolls of fear {unknown}
 m - a scroll of vulnerability
 o - a scroll of magic mapping {unknown}
 r - a scroll of fog {unknown}
 w - 2 scrolls of amnesia {unknown}
Potions
 g - 2 potions of brilliance
 j - a potion of mutation {unknown}
 p - 2 potions of magic
 q - a potion of might {unknown}
 s - a potion of resistance {unknown}
 v - a potion of curing {unknown}


   Skills:
 * Level 2.7 Fighting
 - Level 2.0 Armour
 * Level 3.0 Dodging
 + Level 4.1 Unarmed Combat
 + Level 2.9 Spellcasting
 * Level 3.6 Transmutations


You had 7 spell levels left.
You knew the following spells:

 Your Spells              Type           Power      Damage    Failure   Level
a - Beastly Appendage     Tmut           26%        N/A       5%          1
b - Wereblood             Tmut           13%        N/A       8%          2

Your spell library contained the following spells:

 Spells                   Type           Power      Damage    Failure   Level
 Spider Form              Tmut/Pois      7%         N/A       32%         3
 Ice Form                 Ice/Tmut       7%         N/A       73%         4


Dungeon Overview and Level Annotations

Branches:
Dungeon (6/15)
 Temple: D:4-7


Innate Abilities, Weirdness & Mutations

You have temporarily grown beastly horns and talons.
You have an increased reservoir of magic. (+10% MP)
You shall have no god before yourself.
Your divine heritage dramatically boosts your attributes as you level up.


Message History

Okay, then.
Casting: Beastly Appendage (safe; 5% risk of failure)
Press: ? - help, Q - select action, (/) - cycle Dir - look around, f - activate
Okay, then.
Okay, then.
Okay, then.
Aiming: Paralyse
Press: ? - help, Shift-Dir - straight line, f - two-headed ogre
Aim: a two-headed ogre, wielding two +0 giant clubs (chance to affect: 31%)
The two-headed ogre easily resists.
Aiming: Paralyse
Press: ? - help, Shift-Dir - straight line, f/p - two-headed ogre
Aim: a two-headed ogre, wielding two +0 giant clubs (chance to affect: 31%)
The two-headed ogre easily resists.
Okay, then.
You feel yourself speed up.
Casting: Beastly Appendage (safe; 5% risk of failure)
Confirm with . or Enter, or press ? or * to list all spells.
You grow a pair of large bovine horns.
Your feet morph into talons.
It was a potion of invisibility.
You fade into invisibility!
You catch the helpless two-headed ogre completely off-guard!
You hit the two-headed ogre. You headbutt the two-headed ogre.
You punch the two-headed ogre.
The two-headed ogre is moderately wounded.
You hit the two-headed ogre. You claw the two-headed ogre.
You headbutt the two-headed ogre, but do no damage.
The two-headed ogre is heavily wounded.
The two-headed ogre hits you with a +0 giant club.
The two-headed ogre hits you with a +0 giant club!
You hit the two-headed ogre.
You claw the two-headed ogre, but do no damage.
Your headbutt misses the two-headed ogre.
The two-headed ogre is heavily wounded.
You punch the two-headed ogre!
The two-headed ogre is severely wounded.
The two-headed ogre hits you with a +0 giant club!!
* * * LOW HITPOINT WARNING * * *
The two-headed ogre hits you with a +0 giant club!
You die...

###.#############
#.#... #.#.###
#.....#
#############..)#.#
...............>..#
#.......#####..)###
#.......#####.....#
#..........O@...#.#
..
#........####..<#.#
._. #........#
#.....#
..##.......O#
#.#......
#..........#
#.#.#####
#......###.# #.# #
#.....# #.# #.#
###.....####.# #.#
.............# #.#


You could see a two-headed ogre (unable to see you).

Vanquished Creatures
  Edmund (D:6)
  A black bear (D:6)
  A scorpion (D:3)
  A wight (D:5)
  A howler monkey (D:6)
  An orc priest (D:3)
  An iguana (D:6)
  3 adders
  A white imp (D:6)
  2 worms (D:2)
  3 dart slugs
  7 orcs
  8 bats
  4 endoplasms
  3 giant cockroaches
  9 goblins
  6 hobgoblins
  10 jackals (D:2)
  5 kobolds
  6 quokkas
  7 ball pythons
  3 frilled lizards
  13 rats
97 creatures vanquished.

Notes
Turn   | Place    | Note
-------+----------+-------------------------------------------
     0 | D:1      | Timinator the Demigod Transmuter began the quest for the
                  | Orb.
     0 | D:1      | Reached XP level 1. HP: 15/15 MP: 5/5
    37 | D:1      | Reached skill level 1 in Fighting
   156 | D:1      | Reached XP level 2. HP: 23/23 MP: 5/7
   452 | D:1      | Reached skill level 3 in Unarmed Combat
   840 | D:1      | Reached XP level 3. HP: 28/28 MP: 6/8
  1091 | D:2      | Reached skill level 1 in Armour
  1106 | D:2      | Learned a level 2 spell: Wereblood
  2031 | D:2      | Reached XP level 4. HP: 28/35 MP: 8/10
  2502 | D:3      | Reached XP level 5. HP: 41/41 MP: 7/11
  2926 | D:3      | You fall into a shaft and drop 3 floors!
  3368 | D:6      | Noticed Edmund
  3384 | D:6      | Killed Edmund
  3385 | D:6      | Reached XP level 6. HP: 38/49 MP: 10/12
  3595 | D:6      | Identified the +1 robe of Exceptional Leaves {rElec rC++
                  | MP+9 Int-2}
  3658 | D:6      | Reached skill level 4 in Unarmed Combat
  3940 | D:6      | Identified the +1 whip of Crusades {elec, rElec}
  3993 | D:5      | Entered Level 5 of the Dungeon
  4156 | D:5      | Noticed a two-headed ogre
  4185 | D:5      | HP: 2/50 [two-headed ogre/+0 giant club (24)]
  4185 | D:5      | Mangled by a two-headed ogre

Illustrated notes

Levels and vault maps discovered:
D:1:      dpeg_arrival_simpleton_a, layout_basic,
          hellmonk_ecumenical_altar_pennies_from_heaven
D:2:      layout_basic
D:3:      layout_basic, nicolae_overflow_crystal_walls
D:5:      layout_basic, mainiacjoe_overflow_catwalk_spiral, cheibriados_altar_1,
          ebering_ghost_reflecting_pool, cheibrodos_sewer_entry_bend
D:6:      layout_loops_corners, uniq_edmund, uniq_eustachio

Skill      XL: |  1  2  3  4  5  6 |
---------------+-------------------+-----
Fighting       | 1 2 |  2.7
Unarmed Combat | 3 4 |  4.1
Transmutations | 2 3 |  3.6
Spellcasting   | 2 |  2.9
Armour         | 1 2 |  2.0
Dodging        | 2 3 |  3.0

Action                   |  1- 3 |  4- 6 || total
-------------------------+-------+-------++-------
Melee: Unarmed           |   168 |   120 ||   288
       Kick              |    29 |    30 ||    59
       Punch             |     4 |     4 ||     8
       Headbutt          |    11 |    12 ||    23
 Cast: Beastly Appendage |    32 |    16 ||    48
       Wereblood         |       |    10 ||    10
Evoke: Wand              |       |     2 ||     2
  Use: Scroll            |       |     5 ||     5
       Potion            |       |     4 ||     4
 Stab: Sleeping          |     1 |       ||     1
       Invisible         |       |     1 ||     1
Armor: Robe              |    25 |       ||    25
       Leather armour    |    13 |    20 ||    33
       Skin              |       |     6 ||     6
Dodge: Dodged            |   103 |    66 ||   169
